2220 views
Uploaded 2022-04-26 00:34:52
Game version 1.32.10
90:29 long 2on2 ladder game on (4)Avalanche_LV
Saved by Cabeelibob
2220 views
Uploaded 2022-04-26 00:34:52
Game version 1.32.10
90:29 long 2on2 ladder game on (4)Avalanche_LV


111 units @ 17.3k
/ 3.1k
67 buildings @ 11.2k
/ 3.6k


x1)
| Orb of Lightning | 1 | 375 |
| Scroll of Town Portal | 4 | 1400 |
| Tome of Retraining | 1 | 300 |
| Staff of Teleportation | 1 | 150 |
| Boots of Speed | 1 | 250 |
| total: | 8 | 2475g |
| Peon | 9 | 675 | / | 0 |
| Troll Headhunter | 11 | 1540 | / | 220 |
| Kodo Beast | 3 | 765 | / | 180 |
| Troll Berserker | 6 | 840 | / | 120 |
| Troll Batrider | 19 | 3040 | / | 760 |
| Demolisher | 1 | 220 | / | 50 |
| Frost Wyrm | 5 | 1925 | / | 600 |
| total: | 54 | 9005g | / | 1930w |
| Altar of Storms | 1 | 180 | / | 50 |
| Orc Burrow | 12 | 1920 | / | 480 |
| War Mill | 1 | 205 | / | 0 |
| Barracks | 1 | 180 | / | 50 |
| Voodoo Lounge | 4 | 520 | / | 120 |
| Great Hall | 1 | 385 | / | 185 |
| Beastiary | 2 | 290 | / | 280 |
| Stronghold | 2 | 630 | / | 380 |
| Fortress | 2 | 650 | / | 380 |
| Nerubian Tower | 1 | 100 | / | 20 |
| Spirit Tower | 2 | 290 | / | 80 |
| Necropolis | 2 | 450 | / | 0 |
| Ziggurat | 8 | 1200 | / | 400 |
| Altar of Darkness | 1 | 180 | / | 50 |
| Graveyard | 1 | 215 | / | 0 |
| Sacrificial Pit | 1 | 75 | / | 150 |
| Boneyard | 1 | 175 | / | 200 |
| Halls of the Dead | 1 | 320 | / | 210 |
| Black Citadel | 1 | 325 | / | 230 |
| total: | 36 | 5975g | / | 1965w |
| 0:01 | Peon |
| 0:03 | Peon |
| 0:07 | Altar of Storms |
| 0:18 | Orc Burrow |
| 0:26 | Peon |
| 0:38 | War Mill |
| 0:45 | Peon |
| 0:46 | Peon |
| 0:55 | Peon |
| 1:05 | Peon |
| 1:05 | Peon |
| 1:19 | Peon |
| 1:48 | Stronghold |
| 2:03 | Barracks |
| 2:09 | Mirror Image |
| 2:19 | Orc Burrow |
| 2:59 | Steel Ranged Weapons |
| 3:07 | Troll Headhunter |
| 3:07 | Troll Headhunter |
| 3:07 | Troll Headhunter |
| 3:20 | Troll Headhunter |
| 3:53 | Troll Headhunter |
| 4:08 | Fortress |
| 4:19 | Troll Headhunter |
| 4:23 | Orc Burrow |
| 4:33 | Critical Strike |
| 4:51 | Troll Headhunter |
| 4:52 | Troll Headhunter |
| 5:17 | Troll Headhunter |
| 5:19 | Thorium Ranged Weapons |
| 5:29 | Troll Headhunter |
| 5:36 | Mirror Image |
| 6:09 | Troll Headhunter |
| 6:15 | Beastiary |
| 6:25 | Orc Burrow |
| 6:31 | Berserker Upgrade |
| 7:08 | Critical Strike |
| 7:22 | Kodo Beast |
| 7:24 | Troll Berserker |
| 7:25 | Troll Berserker |
| 8:19 | Troll Regeneration |
| 8:23 | Arcanite Ranged Weapons |
| 9:58 | Reinforced Defenses |
| 10:33 | Voodoo Lounge |
| 10:37 | Endurance Aura |
| 10:49 | Beastiary |
| 10:59 | Steel Armor |
| 11:53 | Liquid Fire |
| 12:03 | Thorium Armor |
| 12:51 | Mirror Image |
| 13:06 | Orc Burrow |
| 13:07 | Orc Burrow |
| 13:09 | Orc Burrow |
| 13:09 | Orc Burrow |
| 13:11 | Orc Burrow |
| 13:35 | Endurance Aura |
| 13:36 | War Stomp |
| 14:20 | Arcanite Armor |
| 15:03 | Troll Batrider |
| 15:26 | Troll Batrider |
| 16:04 | Troll Batrider |
| 16:05 | Troll Batrider |
| 16:06 | Troll Batrider |
| 17:04 | Troll Batrider |
| 19:54 | Great Hall |
| 20:36 | Troll Berserker |
| 22:03 | Troll Berserker |
| 22:03 | Troll Berserker |
| 22:21 | Voodoo Lounge |
| 22:50 | Troll Berserker |
| 23:23 | Troll Batrider |
| 23:30 | Scroll of Town Portal |
| 23:31 | Orb of Lightning |
| 23:59 | Voodoo Lounge |
| 24:48 | Kodo Beast |
| 24:52 | Kodo Beast |
| 25:12 | Troll Batrider |
| 25:57 | Voodoo Lounge |
| 26:15 | Troll Batrider |
| 27:17 | Troll Batrider |
| 28:06 | Scroll of Town Portal |
| 28:07 | Tome of Retraining |
| 28:07 | Retrain Hero |
| 28:10 | Mirror Image |
| 28:13 | Critical Strike |
| 28:13 | Critical Strike |
| 28:15 | Mirror Image |
| 28:22 | Staff of Teleportation |
| 29:36 | Troll Batrider |
| 31:20 | Orc Burrow |
| 31:21 | Orc Burrow |
| 31:24 | Orc Burrow |
| 33:26 | Boots of Speed |
| 34:44 | Troll Batrider |
| 36:34 | Scroll of Town Portal |
| 39:08 | Troll Batrider |
| 39:57 | Troll Batrider |
| 39:58 | Troll Batrider |
| 40:00 | Troll Batrider |
| 40:00 | Troll Batrider |
| 43:34 | Troll Batrider |
| 47:35 | War Stomp |
| 47:42 | Troll Batrider |
| 53:23 | Nerubian Tower |
| 63:00 | Demolisher |
| 64:07 | Necropolis |
| 64:13 | Necropolis |
| 65:45 | Scroll of Town Portal |
| 66:01 | Ziggurat |
| 66:05 | Ziggurat |
| 66:07 | Ziggurat |
| 66:10 | Ziggurat |
| 66:14 | Ziggurat |
| 66:18 | Ziggurat |
| 66:19 | Halls of the Dead |
| 66:22 | Altar of Darkness |
| 67:21 | Graveyard |
| 67:29 | Bladestorm |
| 68:41 | Black Citadel |
| 69:41 | Spirit Tower |
| 69:48 | Ziggurat |
| 69:52 | Ziggurat |
| 70:52 | Sacrificial Pit |
| 70:58 | Spirit Tower |
| 71:10 | Creature Carapace |
| 71:41 | Boneyard |
| 73:15 | Frost Wyrm |
| 75:04 | Frost Wyrm |
| 82:41 | Frost Wyrm |
| 86:11 | Frost Wyrm |
| 86:11 | Frost Wyrm |
| 88:17 | Frost Armor |
| Right click | 7204 |
| Select group | 4495 |
| Select | 1868 |
| Misc. action | 634 |
| Build/train/purchase | 382 |
| Use ability | 116 |
| Assign group | 106 |
| Item give/drop | 13 |
| Esc | 6 |
| Remove unit | 1 |
| Minimap ping | 1 |



| Rod of Necromancy | 7 | 1050 |
| Ritual Dagger | 1 | 125 |
| Sacrificial Skull | 1 | 50 |
| Orb of Corruption | 2 | 750 |
| Scroll of Town Portal | 6 | 2100 |
| Boots of Speed | 1 | 250 |
| Potion of Lesser Invulnerability | 1 | 150 |
| Scroll of Protection | 1 | 150 |
| total: | 20 | 4625g |
| Acolyte | 21 | 1575 | / | 0 |
| Ghoul | 2 | 240 | / | 0 |
| Crypt Fiend | 7 | 1505 | / | 280 |
| Obsidian Statue | 8 | 1600 | / | 280 |
| Meat Wagon | 7 | 1610 | / | 350 |
| Necromancer | 9 | 1305 | / | 180 |
| Banshee | 3 | 465 | / | 90 |
| total: | 57 | 8300g | / | 1180w |
| Nerubian Tower | 1 | 100 | / | 20 |
| Crypt | 3 | 600 | / | 150 |
| Altar of Darkness | 3 | 540 | / | 150 |
| Ziggurat | 11 | 1650 | / | 550 |
| Tomb of Relics | 2 | 260 | / | 60 |
| Graveyard | 4 | 860 | / | 0 |
| Necropolis | 3 | 675 | / | 0 |
| Slaughterhouse | 2 | 280 | / | 270 |
| Temple of the Damned | 2 | 310 | / | 280 |
| Sacrificial Pit | 1 | 75 | / | 150 |
| Halls of the Dead | 5 | 1600 | / | 1050 |
| Black Citadel | 3 | 975 | / | 690 |
| total: | 31 | 5250g | / | 1610w |
| 0:06 | Acolyte |
| 0:12 | Crypt |
| 0:15 | Altar of Darkness |
| 0:26 | Ziggurat |
| 0:33 | Acolyte |
| 0:34 | Acolyte |
| 0:59 | Acolyte |
| 1:07 | Tomb of Relics |
| 1:13 | Ghoul |
| 1:21 | Ghoul |
| 1:38 | Graveyard |
| 2:15 | Rod of Necromancy |
| 2:24 | Halls of the Dead |
| 2:33 | Death Coil |
| 2:50 | Ziggurat |
| 3:02 | Ziggurat |
| 3:57 | Crypt Fiend |
| 3:58 | Crypt Fiend |
| 4:47 | Rod of Necromancy |
| 5:00 | Crypt Fiend |
| 5:22 | Acolyte |
| 5:34 | Burrow |
| 5:39 | Frost Arrows |
| 6:03 | Slaughterhouse |
| 6:05 | Crypt Fiend |
| 6:19 | Ziggurat |
| 6:47 | Unholy Aura |
| 6:52 | Boots of Speed |
| 6:55 | Forked Lightning |
| 7:03 | Crypt Fiend |
| 7:14 | Obsidian Statue |
| 7:14 | Obsidian Statue |
| 7:50 | Black Citadel |
| 8:41 | Rod of Necromancy |
| 8:41 | Ritual Dagger |
| 8:43 | Sacrificial Skull |
| 8:54 | Temple of the Damned |
| 9:28 | Creature Attack |
| 9:31 | Scroll of Town Portal |
| 9:31 | Scroll of Town Portal |
| 9:52 | Ziggurat |
| 10:40 | Death Coil |
| 10:55 | Necromancer Adept Training |
| 10:55 | Skeletal Mastery |
| 11:00 | Exhume Corpses |
| 11:33 | Meat Wagon |
| 11:33 | Meat Wagon |
| 11:57 | Orb of Corruption |
| 11:57 | Orb of Corruption |
| 12:03 | Rod of Necromancy |
| 12:04 | Rod of Necromancy |
| 12:13 | Necromancer Master Training |
| 12:30 | Disease Cloud |
| 12:51 | Frost Nova |
| 12:58 | Necropolis |
| 13:08 | Meat Wagon |
| 13:09 | Meat Wagon |
| 14:02 | Necromancer |
| 14:05 | Obsidian Statue |
| 14:13 | Necromancer |
| 14:20 | Acolyte |
| 14:41 | Acolyte |
| 14:41 | Acolyte |
| 14:41 | Acolyte |
| 14:41 | Acolyte |
| 14:41 | Acolyte |
| 14:58 | Necromancer |
| 14:58 | Necromancer |
| 15:16 | Ziggurat |
| 15:26 | Acolyte |
| 15:30 | Acolyte |
| 15:30 | Acolyte |
| 15:30 | Acolyte |
| 15:52 | Forked Lightning |
| 16:02 | Destroyer Form |
| 16:13 | Necropolis |
| 16:36 | Necromancer |
| 16:39 | Meat Wagon |
| 17:19 | Necromancer |
| 17:20 | Unholy Armor |
| 17:22 | Improved Creature Attack |
| 17:22 | Advanced Creature Attack |
| 17:37 | Web |
| 17:51 | Acolyte |
| 17:51 | Acolyte |
| 17:51 | Acolyte |
| 17:51 | Acolyte |
| 18:01 | Necromancer |
| 18:07 | Obsidian Statue |
| 18:07 | Obsidian Statue |
| 18:08 | Obsidian Statue |
| 18:23 | Acolyte |
| 19:55 | Sacrificial Pit |
| 19:57 | Necromancer |
| 19:57 | Necromancer |
| 19:59 | Obsidian Statue |
| 21:48 | Graveyard |
| 21:51 | Unholy Strength |
| 22:39 | Scroll of Town Portal |
| 22:51 | Scroll of Town Portal |
| 23:23 | Tomb of Relics |
| 24:09 | Potion of Lesser Invulnerability |
| 24:09 | Scroll of Town Portal |
| 24:10 | Scroll of Protection |
| 27:30 | Ziggurat |
| 27:32 | Ziggurat |
| 27:34 | Ziggurat |
| 28:04 | Ziggurat |
| 28:17 | Crypt |
| 28:31 | Graveyard |
| 29:14 | Nerubian Tower |
| 29:59 | Altar of Darkness |
| 30:25 | Frost Armor |
| 30:38 | Crypt |
| 31:05 | Necropolis |
| 31:09 | Rod of Necromancy |
| 31:50 | Halls of the Dead |
| 33:13 | Crypt Fiend |
| 33:31 | Ziggurat |
| 33:47 | Rod of Necromancy |
| 34:19 | Improved Unholy Armor |
| 34:19 | Advanced Unholy Armor |
| 34:25 | Scroll of Town Portal |
| 34:30 | Slaughterhouse |
| 34:37 | Crypt Fiend |
| 35:21 | Creature Carapace |
| 35:22 | Improved Unholy Strength |
| 36:08 | Meat Wagon |
| 36:09 | Meat Wagon |
| 36:38 | Improved Creature Carapace |
| 39:28 | Altar of Darkness |
| 40:20 | Halls of the Dead |
| 41:12 | Acolyte |
| 43:09 | Frost Arrows |
| 43:48 | Graveyard |
| 44:38 | Black Citadel |
| 45:19 | Temple of the Damned |
| 46:41 | Banshee Adept Training |
| 47:24 | Banshee |
| 47:24 | Banshee |
| 47:24 | Banshee |
| 48:00 | Advanced Creature Carapace |
| 48:16 | Obsidian Statue |
| Right click | 1404 |
| Select group | 1195 |
| Select | 824 |
| Misc. action | 369 |
| Build/train/purchase | 250 |
| Use ability | 99 |
| Assign group | 64 |
| Minimap ping | 45 |
| Resource trade | 11 |
| Chat | 5 |
| Item give/drop | 4 |
| Remove unit | 3 |
93 units @ 9k
/ 1.5k
125 buildings @ 9.3k
/ 4.4k


| Scroll of Regeneration | 2 | 200 |
| Orb of Fire | 1 | 325 |
| Staff of Sanctuary | 2 | 500 |
| Boots of Speed | 2 | 500 |
| total: | 7 | 1525g |
| Peasant | 19 | 1425 | / | 0 |
| Footman | 2 | 270 | / | 0 |
| Mortar Team | 7 | 1260 | / | 490 |
| Flying Machine | 32 | 3200 | / | 960 |
| Dragonhawk Rider | 2 | 400 | / | 60 |
| total: | 62 | 6555g | / | 1510w |
| Scout Tower | 47 | 1410 | / | 940 |
| Arcane Tower | 1 | 70 | / | 50 |
| Guard Tower | 17 | 1190 | / | 850 |
| Altar of Kings | 2 | 360 | / | 100 |
| Farm | 18 | 1440 | / | 360 |
| Lumber Mill | 3 | 360 | / | 0 |
| Barracks | 1 | 160 | / | 60 |
| Town Hall | 1 | 385 | / | 205 |
| Blacksmith | 1 | 140 | / | 60 |
| Arcane Vault | 1 | 130 | / | 30 |
| Workshop | 3 | 420 | / | 420 |
| Arcane Sanctum | 1 | 150 | / | 140 |
| Gryphon Aviary | 1 | 140 | / | 150 |
| Keep | 1 | 320 | / | 210 |
| Castle | 1 | 360 | / | 210 |
| total: | 79 | 5095g | / | 2465w |
| 0:02 | Peasant |
| 0:04 | Altar of Kings |
| 0:15 | Peasant |
| 0:17 | Farm |
| 0:19 | Peasant |
| 0:32 | Peasant |
| 0:35 | Lumber Mill |
| 0:44 | Peasant |
| 0:47 | Farm |
| 0:52 | Farm |
| 0:56 | Scout Tower |
| 0:58 | Peasant |
| 1:16 | Barracks |
| 1:35 | Peasant |
| 1:44 | Improved Lumber Harvesting |
| 1:50 | Peasant |
| 1:52 | Arcane Tower |
| 2:00 | Farm |
| 2:05 | Peasant |
| 2:15 | Storm Bolt |
| 2:23 | Footman |
| 2:34 | Peasant |
| 2:35 | Peasant |
| 2:41 | Scout Tower |
| 3:09 | Scout Tower |
| 3:12 | Peasant |
| 3:15 | Scout Tower |
| 3:16 | Scout Tower |
| 3:18 | Peasant |
| 3:59 | Guard Tower |
| 4:00 | Scout Tower |
| 4:01 | Scout Tower |
| 4:02 | Scout Tower |
| 4:06 | Improved Masonry |
| 4:07 | Footman |
| 4:37 | Guard Tower |
| 4:39 | Scout Tower |
| 4:39 | Scout Tower |
| 4:40 | Scout Tower |
| 5:06 | Guard Tower |
| 5:24 | Town Hall |
| 5:36 | Guard Tower |
| 5:41 | Scout Tower |
| 5:42 | Scout Tower |
| 5:43 | Scout Tower |
| 5:46 | Scout Tower |
| 5:46 | Scout Tower |
| 6:12 | Guard Tower |
| 6:14 | Scout Tower |
| 6:17 | Guard Tower |
| 6:39 | Bash |
| 6:40 | Bash |
| 6:53 | Guard Tower |
| 6:53 | Keep |
| 6:56 | Blacksmith |
| 6:58 | Scout Tower |
| 6:59 | Scout Tower |
| 7:47 | Scout Tower |
| 7:47 | Scout Tower |
| 7:48 | Scout Tower |
| 7:52 | Scout Tower |
| 7:54 | Scout Tower |
| 7:54 | Scout Tower |
| 7:56 | Scout Tower |
| 7:56 | Scout Tower |
| 8:36 | Black Gunpowder |
| 8:40 | Guard Tower |
| 9:05 | Scout Tower |
| 9:15 | Peasant |
| 9:15 | Peasant |
| 9:16 | Peasant |
| 9:17 | Altar of Kings |
| 9:19 | Peasant |
| 9:22 | Lumber Mill |
| 9:24 | Lumber Mill |
| 9:28 | Scout Tower |
| 9:32 | Peasant |
| 10:00 | Guard Tower |
| 10:02 | Scout Tower |
| 10:03 | Scout Tower |
| 10:05 | Farm |
| 10:06 | Farm |
| 10:08 | Peasant |
| 10:10 | Farm |
| 10:12 | Farm |
| 10:19 | Advanced Lumber Harvesting |
| 10:21 | Advanced Masonry |
| 10:31 | Farm |
| 10:36 | Farm |
| 11:04 | Guard Tower |
| 11:16 | Guard Tower |
| 11:36 | Castle |
| 11:40 | Workshop |
| 11:53 | Holy Light |
| 12:03 | Workshop |
| 12:16 | Workshop |
| 12:21 | Farm |
| 12:23 | Farm |
| 12:48 | Flare |
| 12:49 | Mortar Team |
| 12:53 | Farm |
| 12:56 | Farm |
| 13:05 | Mortar Team |
| 13:20 | Mortar Team |
| 13:25 | Mortar Team |
| 13:31 | Refined Gunpowder |
| 13:59 | Fragmentation Shards |
| 14:23 | Flak Cannons |
| 14:23 | Flying Machine Bombs |
| 15:03 | Farm |
| 15:04 | Farm |
| 15:06 | Farm |
| 15:11 | Farm |
| 15:13 | Imbued Gunpowder |
| 16:03 | Flying Machine |
| 16:03 | Flying Machine |
| 16:03 | Flying Machine |
| 16:03 | Flying Machine |
| 16:03 | Flying Machine |
| 16:04 | Flying Machine |
| 16:11 | Flying Machine |
| 16:17 | Arcane Sanctum |
| 17:01 | Flying Machine |
| 17:01 | Flying Machine |
| 17:01 | Flying Machine |
| 17:02 | Flying Machine |
| 17:02 | Flying Machine |
| 17:02 | Flying Machine |
| 17:02 | Flying Machine |
| 17:09 | Scout Tower |
| 17:10 | Scout Tower |
| 17:10 | Scout Tower |
| 17:11 | Scout Tower |
| 17:22 | Scout Tower |
| 17:23 | Scout Tower |
| 17:24 | Scout Tower |
| 17:26 | Scout Tower |
| 17:40 | Flying Machine |
| 17:40 | Flying Machine |
| 17:46 | Guard Tower |
| 17:47 | Guard Tower |
| 17:52 | Imbued Masonry |
| 18:05 | Magic Sentry |
| 18:09 | Guard Tower |
| 18:13 | Guard Tower |
| 18:25 | Flying Machine |
| 18:25 | Flying Machine |
| 18:36 | Scout Tower |
| 19:55 | Flying Machine |
| 19:57 | Flying Machine |
| 19:57 | Flying Machine |
| 19:59 | Scout Tower |
| 20:00 | Scout Tower |
| 20:01 | Scout Tower |
| 20:02 | Scout Tower |
| 20:04 | Scout Tower |
| 20:04 | Scout Tower |
| 20:05 | Scout Tower |
| 20:08 | Guard Tower |
| 20:15 | Storm Bolt |
| 20:16 | Storm Bolt |
| 20:47 | Flying Machine |
| 20:47 | Flying Machine |
| 20:47 | Flying Machine |
| 20:47 | Flying Machine |
| 23:12 | Guard Tower |
| 23:37 | Mortar Team |
| 26:36 | Arcane Vault |
| 28:19 | Scroll of Regeneration |
| 28:29 | Gryphon Aviary |
| 29:49 | Divine Shield |
| 29:50 | Divine Shield |
| 32:47 | Flying Machine |
| 32:48 | Flying Machine |
| 32:48 | Flying Machine |
| 32:48 | Flying Machine |
| 32:48 | Flying Machine |
| 32:48 | Flying Machine |
| 32:49 | Flying Machine |
| 32:51 | Cloud |
| 32:51 | Dragonhawk Rider |
| 32:51 | Dragonhawk Rider |
| 32:54 | Scroll of Regeneration |
| 41:43 | Bash |
| 41:44 | Bash |
| 41:45 | Holy Light |
| 44:47 | Orb of Fire |
| 52:39 | Holy Light |
| 61:46 | Mortar Team |
| 62:20 | Mortar Team |
| 62:44 | Staff of Sanctuary |
| 65:02 | Staff of Sanctuary |
| 66:52 | Boots of Speed |
| 66:57 | Boots of Speed |
| 81:03 | Divine Shield |
| 85:27 | Storm Bolt |
| 85:29 | Divine Shield |
| Right click | 3707 |
| Select group | 1620 |
| Select | 650 |
| Use ability | 244 |
| Build/train/purchase | 149 |
| Misc. action | 129 |
| Minimap ping | 25 |
| Assign group | 16 |
| Esc | 8 |
| Item give/drop | 7 |
| Remove unit | 1 |
Cabeelibob
(194)
(90:26) : 

| Boots of Speed | 2 | 500 |
| total: | 2 | 500g |
| Peasant | 29 | 2175 | / | 0 |
| Footman | 2 | 270 | / | 0 |
| total: | 31 | 2445g | / | 0w |
| Scout Tower | 29 | 870 | / | 580 |
| Arcane Tower | 6 | 420 | / | 300 |
| Guard Tower | 14 | 980 | / | 700 |
| Altar of Kings | 2 | 360 | / | 100 |
| Farm | 6 | 480 | / | 120 |
| Lumber Mill | 2 | 240 | / | 0 |
| Barracks | 1 | 160 | / | 60 |
| Town Hall | 5 | 1925 | / | 1025 |
| Blacksmith | 1 | 140 | / | 60 |
| Keep | 2 | 640 | / | 420 |
| Castle | 1 | 360 | / | 210 |
| total: | 46 | 4175g | / | 1945w |
| 0:03 | Altar of Kings |
| 0:06 | Farm |
| 0:30 | Peasant |
| 0:31 | Peasant |
| 0:41 | Farm |
| 0:45 | Peasant |
| 1:02 | Peasant |
| 1:07 | Lumber Mill |
| 1:14 | Scout Tower |
| 1:20 | Peasant |
| 1:30 | Peasant |
| 1:48 | Barracks |
| 2:12 | Storm Bolt |
| 2:18 | Arcane Tower |
| 2:36 | Scout Tower |
| 2:38 | Peasant |
| 2:39 | Peasant |
| 3:11 | Guard Tower |
| 3:12 | Footman |
| 3:12 | Footman |
| 3:22 | Scout Tower |
| 3:22 | Scout Tower |
| 3:27 | Peasant |
| 3:27 | Peasant |
| 3:27 | Peasant |
| 3:27 | Peasant |
| 3:36 | Farm |
| 3:43 | Improved Masonry |
| 4:00 | Guard Tower |
| 4:04 | Scout Tower |
| 4:11 | Scout Tower |
| 4:19 | Peasant |
| 4:32 | Guard Tower |
| 4:35 | Scout Tower |
| 4:38 | Guard Tower |
| 4:57 | Keep |
| 5:05 | Guard Tower |
| 5:09 | Scout Tower |
| 5:14 | Scout Tower |
| 5:24 | Improved Lumber Harvesting |
| 5:46 | Guard Tower |
| 5:49 | Scout Tower |
| 6:21 | Scout Tower |
| 6:23 | Guard Tower |
| 6:35 | Scout Tower |
| 6:35 | Scout Tower |
| 6:36 | Scout Tower |
| 6:38 | Scout Tower |
| 6:39 | Scout Tower |
| 6:40 | Scout Tower |
| 7:02 | Town Hall |
| 7:09 | Arcane Tower |
| 7:15 | Scout Tower |
| 7:19 | Guard Tower |
| 7:31 | Arcane Tower |
| 8:33 | Lumber Mill |
| 8:40 | Peasant |
| 8:40 | Peasant |
| 8:40 | Peasant |
| 8:40 | Peasant |
| 9:41 | Keep |
| 10:18 | Arcane Tower |
| 10:30 | Arcane Tower |
| 10:49 | Arcane Tower |
| 10:55 | Scout Tower |
| 11:15 | Scout Tower |
| 11:19 | Scout Tower |
| 11:19 | Scout Tower |
| 11:49 | Altar of Kings |
| 11:52 | Farm |
| 12:17 | Advanced Masonry |
| 12:32 | Farm |
| 12:40 | Peasant |
| 12:40 | Peasant |
| 12:46 | Guard Tower |
| 13:23 | Guard Tower |
| 13:34 | Farm |
| 13:54 | Guard Tower |
| 14:09 | Castle |
| 14:28 | Holy Light |
| 14:39 | Advanced Lumber Harvesting |
| 17:02 | Imbued Masonry |
| 17:24 | Blacksmith |
| 20:04 | Scout Tower |
| 20:06 | Scout Tower |
| 20:07 | Scout Tower |
| 20:36 | Guard Tower |
| 23:22 | Town Hall |
| 23:35 | Scout Tower |
| 23:35 | Scout Tower |
| 23:36 | Scout Tower |
| 23:37 | Scout Tower |
| 26:22 | Town Hall |
| 27:33 | Guard Tower |
| 27:39 | Guard Tower |
| 31:19 | Town Hall |
| 33:25 | Town Hall |
| 69:48 | Boots of Speed |
| 69:48 | Boots of Speed |
| 71:25 | Peasant |
| 71:25 | Peasant |
| 71:25 | Peasant |
| 71:26 | Peasant |
| 71:26 | Peasant |
| 71:28 | Peasant |
| 71:28 | Peasant |
| 73:02 | Peasant |
| 73:03 | Peasant |
| 73:03 | Peasant |
| Right click | 1916 |
| Select group | 1538 |
| Select | 650 |
| Build/train/purchase | 89 |
| Resource trade | 89 |
| Misc. action | 65 |
| Assign group | 33 |
| Chat | 22 |
| Use ability | 19 |
| Minimap ping | 8 |
| Remove unit | 6 |